 Dungeon Crawl Stone Soup version 0.24.0-1-gfbc8707 (webtiles) character file.

Game seed: 9784892509537874081, levelgen mode: deterministic

42993 Fang the Fighter (level 14, -2/144 HPs)
             Began as a Gargoyle Berserker on Oct 28, 2019.
             Was a High Priest of Trog.
             Slain by a 14-headed hydra (6 damage)
             ... on level 6 of the Lair of Beasts.
             The game lasted 00:19:24 (16361 turns).

Fang the Fighter (Gargoyle Berserker)              Turns: 16361, Time: 00:19:25

Health: -2/144     AC: 34    Str: 35    XL:     14   Next: 22%
Magic:  4/4        EV: 12    Int:  5    God:    Trog [*****.]
Gold:   821        SH:  0    Dex:  9    Spells: 13/13 levels left

rFire    + . .     SeeInvis .   u - +4 broad axe (antimagic)
rCold    . . .     Gourm    .   (no shield)
rNeg     + . .     Faith    .   b - +7 plate armour
rPois    ∞         Spirit   .   i - +0 helmet of the Lion {rF+ rCorr Int-2 Stlth+}
rElec    +         Reflect  .   (no cloak)
rCorr    +         Harm     .   (no gloves)
MR       .....                  (no boots)
Stlth    ..........             (no amulet)
HPRegen  0.34/turn              v - +2 ring of slaying
MPRegen  0.09/turn              B - ring "Adostrit" {+Fly MR- Str+3 Slay+3}

@: berserking, flying, very quick
A: big wings, negative energy resistance 1, electricity resistance, unbreathing,
petrification resistance, rot immunity, AC +10
a: Stop Flying, Berserk, Trog's Hand, Brothers in Arms, Renounce Religion


You were on level 6 of the Lair of Beasts.
You worshipped Trog.
Trog was extremely pleased with you.
You were hungry.

You visited 4 branches of the dungeon, and saw 20 of its levels.
You visited 1 bazaar.
You also visited: Sewer.

You collected 1215 gold pieces.
You spent 394 gold pieces at shops.

Inventory:

Hand Weapons
 a - a +1 war axe
 j - a +3 battleaxe of freezing
 u - a +4 antimagic broad axe (weapon)
Armour
 b - a +7 plate armour (worn)
 i - the +0 helmet of the Lion (worn) {rF+ rCorr Int-2 Stlth+}
   (You bought it in a shop on level 9 of the Dungeon)

   It affects your intelligence (-2).
   It protects you from fire.
   It provides partial protection from all sources of acid and corrosion.
   It makes you more stealthy.
Jewellery
 v - a +2 ring of slaying (left hand)
 B - the ring "Adostrit" (right hand) {+Fly MR- Str+3 Slay+3}
   (You found it in a bazaar)

   [ring of flight]

   It affects your strength (+3).
   It affects your accuracy and damage with ranged weapons and melee attacks
   (+3).
   It affects your resistance to hostile enchantments.
   It lets you fly.
 G - an uncursed ring of protection from cold
Wands
 e - a wand of paralysis (15)
 k - a wand of iceblast (28)
 o - a wand of acid (20)
 r - a wand of disintegration (9)
 x - a wand of digging (6)
 D - a wand of enslavement (9)
Scrolls
 d - 8 scrolls of teleportation
 f - 2 scrolls of fear
 g - 16 scrolls of identify
 q - 3 scrolls of remove curse
 w - 2 scrolls of magic mapping
 y - a scroll of blinking
 F - a scroll of enchant weapon
Potions
 h - a potion of agility
 l - 3 potions of haste
 m - 8 potions of curing
 n - 4 potions of heal wounds
 p - 2 potions of berserk rage
 s - 2 potions of cancellation
 t - 2 potions of mutation
 z - 2 potions of invisibility
 A - a potion of magic
 E - a potion of resistance
Comestibles
 c - 25 rations
 C - 8 chunks of flesh


   Skills:
 * Level 14.4 Fighting
 * Level 12.4 Axes
 + Level 12.0 Armour
 + Level 9.5 Dodging


You had 13 spell levels left.
You didn't know any spells.
Your spell library was empty.

Dungeon Overview and Level Annotations

Branches:
Dungeon (12/15)            Temple (1/1) D:7            Lair (6/6) D:8
 Shoals (0/4) Lair:2       Spider (0/4) Lair:2        Slime (1/5) Lair:5
    Orc (0/2) D:11          Sewer (visited)

Altars:
Ashenzari
Cheibriados
Dithmenos
Fedhas
Gozag
Kikubaaqudgha
Qazlal
Ru
Vehumet
Wu Jian
Xom
Zin

Shops:
D:4 [   D:6 %   D:9 [   D:10 [!


Innate Abilities, Weirdness & Mutations

You are resistant to torment.
Your stone body is resilient. (AC +10)
You are immune to poison.
Your large and strong wings let you fly indefinitely.
You resist negative energy. (rN+)
You are resistant to electric shocks. (rElec)
You can survive without breathing.
You are immune to petrification.
You are immune to rotting.


Message History

The 14-headed hydra bites you but does no damage. x4
The 14-headed hydra completely misses you.
The 14-headed hydra bites you.
* * * LOW HITPOINT WARNING * * *
The 14-headed hydra bites you but does no damage. x2
The 14-headed hydra barely misses you.
You hit the 14-headed hydra.
The 14-headed hydra is heavily wounded.
You closely miss the blink frog. x2
The blink frog hits you but does no damage. x2
The 14-headed hydra bites you but does no damage.
The 14-headed hydra bites you.
* * * LOW HITPOINT WARNING * * *
The 14-headed hydra bites you but does no damage.
The 14-headed hydra barely misses you.
The 14-headed hydra bites you but does no damage.
The 14-headed hydra completely misses you.
The 14-headed hydra bites you but does no damage.
The 14-headed hydra bites you.
You die...

##...........÷.#...
#P.............#...
##...#.†........#..
###..#..#.........##
#.....######.###.###
###..P# ### ###
###..## ##.....#
#.F@.#.# ##FD..##
##C.## #...# #..####
#..†§.# ##.†C.#
......... ##........
#


You could see a 14-headed hydra, 2 blink frogs and a friendly cyclops (berserk).

Vanquished Creatures
  The ghost of Juirae the Grappler, a journeyman TrMo of Wu Jian (Lair:4)
  Snorg (Lair:4)
  Josephine (D:11)
  4 hydras
  Erica (Lair:1)
  A two-headed ogre (D:8)
  Urug (D:10)
  Nergalle (Lair:3)
  A cyclops (D:10)
  2 ugly things (D:11)
  A manticore (Lair:2)
  4 elephants (Lair:4)
  7 black mambas
  A centaur skeleton (D:11)
  11 spiny frogs
  A torpor snail (Lair:6)
  4 rime drakes
  7 komodo dragons
  2 jumping spiders (Lair:2)
  5 blink frogs (Lair:6)
  3 slime creatures (Lair:5)
  Grinder (D:3)
  9 hippogriffs
  10 dream sheep (Lair:6)
  2 redbacks (Lair:2)
  5 wraiths (D:11)
  6 wyverns
  A fire elemental (Lair:6)
  18 yaks
  4 basilisks
  2 hungry ghosts
  Menkaure (D:7)
  Edmund (D:6)
  16 water moccasins
  12 porcupines
  6 orc warriors
  A sky beast (D:9)
  5 ice beasts
  2 eyes of draining
  A black bear (Lair:2)
  The ghost of Maelson the Chopper, an amateur MiBe of Trog (D:3)
  6 ogres
  2 necrophages
  25 wolves
  3 centaurs
  8 crocodiles
  3 big kobolds
  15 bullfrogs
  A gnoll sergeant (D:9)
  4 scorpions
  A wyvern skeleton (D:10)
  8 howler monkeys
  18 wights
  3 vampire bats (D:3)
  An electric eel (Lair:3)
  2 bullfrog zombies
  2 crimson imps
  5 quasits
  5 jellies
  4 orc priests
  5 hounds
  10 orc wizards
  4 bullfrog skeletons
  7 iguanas
  6 hell rats (Lair:6)
  10 worker ants
  A hound zombie (D:8)
  A hound skeleton (D:5)
  8 gnolls
  27 adders
  2 howler monkey skeletons
  A river rat (Sewer)
  2 shadow imps
  4 worms
  A dart slug (D:3)
  3 leopard geckos
  29 orcs
  3 bat skeletons (D:3)
  2 bat zombies (D:3)
  5 giant cockroaches
  8 goblins
  2 hobgoblins (D:2)
  9 jackals
  17 kobolds
  4 quokkas
  A ball python (D:3)
  3 bats
  2 frilled lizards (D:2)
  A leopard gecko skeleton (D:4)
  A leopard gecko zombie (D:3)
  12 rats
  4 fungi
475 creatures vanquished.

Vanquished Creatures (collateral kills)
  A rime drake (Lair:6)
  A hell rat (Lair:6)
2 creatures vanquished.

Vanquished Creatures (others)
  7 fungi
  4 plants
11 creatures vanquished.

Grand Total: 488 creatures vanquished

Notes
Turn   | Place    | Note
-------+----------+-------------------------------------------
     0 | D:1      | Fang the Gargoyle Berserker began the quest for the Orb.
     0 | D:1      | Reached XP level 1. HP: 14/14 MP: 1/1
   399 | D:2      | Reached XP level 2. HP: 17/19 MP: 2/2
   480 | D:2      | Reached XP level 3. HP: 18/23 MP: 3/3
   508 | D:2      | Found a stormy altar of Qazlal.
   594 | D:2      | Reached XP level 4. HP: 29/29 MP: 4/4
   598 | D:2      | Reached ** piety under Trog
   765 | D:2      | Reached skill level 4 in Fighting
  1256 | D:3      | Reached XP level 5. HP: 23/33 MP: 5/5
  1463 | D:3      | Noticed Grinder
  1466 | D:3      | Paralysed by Grinder for 3 turns
  1497 | D:3      | Killed Grinder
  1497 | D:3      | Reached XP level 6. HP: 21/40 MP: 6/6
  1661 | D:3      | Found an ancient bone altar of Kikubaaqudgha.
  1681 | D:3      | Reached skill level 5 in Fighting
  1709 | D:3      | Reached XP level 7. HP: 38/44 MP: 7/7
  1739 | D:3      | Noticed Maelson's ghost (amateur MiBe)
  1745 | D:3      | Found a transporter.
  1774 | D:3      | Found a transporter.
  2083 | D:3      | Killed Maelson's ghost
  2174 | D:3      | Reached *** piety under Trog
  2301 | D:4      | Found Uranih Foog's Armour Shop.
  2393 | D:4      | Reached skill level 5 in Armour
  2872 | D:4      | Reached XP level 8. HP: 51/51 MP: 8/8
  3169 | D:5      | Entered Level 5 of the Dungeon
  3233 | D:5      | Reached skill level 6 in Fighting
  3240 | D:5      | Reached skill level 5 in Axes
  3919 | D:5      | Found a shattered altar of Ashenzari.
  3984 | D:5      | Found a sacrificial altar of Ru.
  4077 | D:5      | Found an opulent altar of Gozag.
  4128 | D:5      | Found a blossoming altar of Fedhas.
  4131 | D:5      | Found a snail-covered altar of Cheibriados.
  4163 | D:5      | Found a shimmering altar of Xom.
  4238 | D:6      | Found Ibounoit's Food Boutique.
  4259 | D:6      | Noticed Edmund
  4288 | D:6      | Reached XP level 9. HP: 19/56 MP: 9/9
  4291 | D:6      | Killed Edmund
  4291 | D:6      | Reached skill level 7 in Fighting
  4523 | D:6      | Reached skill level 5 in Dodging
  4620 | D:6      | Found a glowing drain.
  4654 | D:6      | Reached **** piety under Trog
  4673 | Sewer    | Entered a sewer
  4776 | Sewer    | Found a glowing silver altar of Zin.
  5545 | D:7      | Found a shadowy altar of Dithmenos.
  5893 | D:7      | Reached skill level 8 in Fighting
  5984 | D:7      | Found a staircase to the Ecumenical Temple.
  6061 | Temple   | Entered the Ecumenical Temple
  6336 | D:7      | Found an ornate altar of the Wu Jian Council.
  6594 | D:7      | Noticed Menkaure
  6600 | D:7      | Killed Menkaure
  6600 | D:7      | Reached XP level 10. HP: 62/64 MP: 10/10
  6776 | D:8      | Noticed a two-headed ogre
  6789 | D:8      | Killed a two-headed ogre
  6790 | D:8      | Reached ***** piety under Trog
  7008 | D:8      | Reached skill level 9 in Fighting
  7155 | D:8      | Found a staircase to the Lair.
  7483 | D:9      | Found Ofederph's Antique Armour Boutique.
  7684 | D:9      | Received a gift from Trog
  7981 | D:9      | Bought a heavily runed helmet for 304 gold pieces
  7986 | D:9      | Identified the cursed +0 helmet of the Lion {rF+ rCorr
                  | Int-2 Stlth+} (You bought it in a shop on level 9 of the
                  | Dungeon)
  8321 | D:9      | Reached XP level 11. HP: 71/71 MP: 11/11
  8491 | D:10     | Entered Level 10 of the Dungeon
  8607 | D:10     | Found Byisakk's Distillery.
  8638 | D:10     | Found Danisupp's Armour Shop.
  8671 | D:10     | Reached skill level 10 in Fighting
  8832 | D:10     | Noticed a cyclops
  8838 | D:10     | Noticed Urug
  8841 | D:10     | Killed a cyclops
  8847 | D:10     | Killed Urug
  9323 | D:11     | Noticed a brown ugly thing
  9331 | D:11     | Killed a brown ugly thing
  9576 | D:11     | Found a staircase to the Orcish Mines.
  9723 | D:11     | Found a flickering gateway to a bazaar.
  9723 | D:11     | Noticed a green ugly thing
  9731 | D:11     | Killed a green ugly thing
  9737 | D:11     | Received a gift from Trog
  9757 | Bazaar   | Entered a bazaar
  9760 | Bazaar   | Got the ring "Adostrit" {+Fly}
  9774 | Bazaar   | Found Inka's Gadget Shop.
  9775 | Bazaar   | Identified the ring "Adostrit" {+Fly MR- Str+3 Slay+3} (You
                  | found it in a bazaar)
  9807 | Bazaar   | Found Emoruf's Gadget Shop.
  9829 | Bazaar   | Found Daffyiwn's Distillery.
  9855 | Bazaar   | Found Lomonabe's Distillery.
  9886 | Bazaar   | Bought a potion of heal wounds for 40 gold pieces
  9912 | Bazaar   | Bought a potion of heal wounds for 50 gold pieces
 10008 | D:11     | Noticed Josephine
 10017 | D:11     | Reached skill level 11 in Fighting
 10017 | D:11     | Reached skill level 10 in Armour
 10026 | D:11     | Killed Josephine
 10419 | Lair:1   | Entered Level 1 of the Lair of Beasts
 10438 | Lair:1   | Reached XP level 12. HP: 64/80 MP: 12/12
 10868 | Lair:1   | Noticed Erica
 10881 | Lair:1   | Killed Erica
 10881 | Lair:1   | Received a gift from Trog
 10881 | Lair:1   | Reached skill level 10 in Axes
 11314 | Lair:2   | Reached skill level 12 in Fighting
 11513 | Lair:2   | Found a staircase to the Shoals.
 11547 | Lair:2   | Noticed a five-headed hydra
 11554 | Lair:2   | Killed an eight-headed hydra
 11832 | Lair:2   | Found a hole to the Spider Nest.
 12399 | Lair:3   | Noticed Nergalle
 12412 | Lair:3   | Killed Nergalle
 12412 | Lair:3   | Reached XP level 13. HP: 82/87 MP: 4/13
 12580 | Lair:3   | Reached skill level 13 in Fighting
 13444 | Lair:4   | Reached ****** piety under Trog
 13651 | Lair:4   | Found a runed translucent door.
 13685 | Lair:4   | Noticed Snorg
 13701 | Lair:4   | Killed Snorg
 14185 | Lair:4   | Noticed Juirae's ghost (journeyman TrMo)
 14318 | Lair:4   | Killed Juirae's ghost
 14472 | Lair:5   | Found a staircase to the Slime Pits.
 15305 | Slime:1  | Entered Level 1 of the Pits of Slime
 15305 | Slime:1  | Noticed a great orb of eyes
 15305 | Slime:1  | Noticed an acid blob
 15349 | Lair:6   | Entered Level 6 of the Lair of Beasts
 15464 | Lair:6   | Reached skill level 14 in Fighting
 15648 | Lair:6   | Gained mutation: Your large and strong wings let you fly
                  | indefinitely. [Gargoyle growth]
 15648 | Lair:6   | Reached XP level 14. HP: 84/96 MP: 4/14
 15687 | Lair:6   | Received a gift from Trog
 16360 | Lair:6   | HP: 7/144 [14-headed hydra (4)]
 16361 | Lair:6   | Slain by a 14-headed hydra

Levels and vault maps discovered:
D:1:      mrwooster_arrival_arrow, layout_basic
D:2:      layout_basic, serial_rivers, chequers_serial_rivers_micro_d,
          chequers_serial_rivers_small_a, chequers_serial_rivers_micro_e,
          chequers_serial_rivers_small_3, chequers_serial_rivers_room_b,
          hex_tiny, minmay_misc_feat_doors, nicolae_qazlal_eye_of_the_storm
D:3:      minmay_octagon_keep, layout_basic, kennysheep_vampire_church,
          gammafunk_ghost_stat_death, first_ration, uniq_grinder
D:4:      layout_basic, serial_shops, shop_statue
D:5:      layout_rooms, grunt_temple_overflow_cloverleaf,
          nicolae_overflow_hidden_temple, nicolae_ru_sacrificial_ziggurat
D:6:      layout_basic, gup_sewer_entry_glass, serial_shops, shop, kb_rosetta,
          uniq_edmund
D:7:      layout_basic, lemuel_round_altar, minmay_temple_entry_gardened_gates,
          grunt_ogre_cave, nicolae_dithmenos_shadow_blocks, uniq_menkaure
D:8:      layout_rooms, grunt_lair_entry_orc_guard_hut,
          minmay_misc_feat_four_crosses
D:9:      layout_basic, serial_shops, shop, minmay_misc_feat_more_columns
D:10:     kennysheep_big_flooded_room, layout_basic, serial_shops,
          shop_fountains, shop, uniq_urug
D:11:     layout_grid_maze, orc_0_dummy, serial_shops, bzr_entry_water,
          uniq_josephine
D:12:     layout_stronghold, nicolae_blasting_shop, minmay_fountain_box,
          kennysheep_flooded_box
Temple:   nicolae_temple_great_sept
Lair:1:   layout_concentric_octagons, serial_bayou_crossing, uniq_erica
Lair:2:   layout_concentric_octagons, minmay_shoals_entry_beasts,
          spider_nest_entry_a, minivault_27, beast_lair_carwin_3
Lair:3:   layout_gridlike, serial_bayou_shore_a, grunt_megastairs_5,
          lemuel_fruit_fields, infiniplex_staircase_pool_2, uniq_nergalle
Lair:4:   layout_hall_layers, ebering_ghost_reflecting_pool, uniq_snorg
Lair:5:   layout_layer_cave, minmay_slime_entry_pillars, minivault_11,
          minmay_stone_trees_medium
Lair:6:   wormcave, layout_gridlike, grunt_megastairs_1
Slime:1:  layout_caves, cheibrodos_slime_lost_civilization_7

Skill      XL: |  1  2  3  4  5  6  7  8  9 10 11 12 13 14 |
---------------+-------------------------------------------+-----
Axes           | 3 4 5 6 8 9 10 12 | 12.4
Dodging        | 2 3 4 5 7 8 9 |  9.5
Armour         | 3 4 5 6 7 9 10 11 12 | 12.0
Fighting       | 4 5 6 8 9 11 12 14 | 14.4

Action                   |  1- 3 |  4- 6 |  7- 9 | 10-12 | 13-15 || total
-------------------------+-------+-------+-------+-------+-------++-------
Melee: Hand axe          |    76 |   159 |   423 |       |       ||   658
       War axe           |       |       |   207 |    23 |       ||   230
       Battleaxe         |       |       |       |   365 |       ||   365
       Broad axe         |       |       |       |   114 |   340 ||   454
Invok: Berserk           |     1 |     1 |     8 |     5 |     5 ||    20
       Trog's Hand       |       |     1 |       |       |       ||     1
       Brothers in Arms  |       |       |       |       |     1 ||     1
 Abil: Evoke Flight      |       |       |       |     2 |       ||     2
       Fly               |       |       |       |       |     1 ||     1
  Use: Scroll            |       |       |    18 |    13 |     4 ||    35
       Potion            |       |       |       |       |     1 ||     1
  Eat: Chunk             |       |     5 |    25 |    29 |    14 ||    73
       Ration            |       |       |       |       |     1 ||     1
Armor: Chain mail        |    51 |   156 |   358 |       |       ||   565
       Animal skin       |     1 |       |       |       |       ||     1
       Plate armour      |       |       |   236 |   524 |   455 ||  1215
Dodge: Dodged            |    26 |    86 |   373 |   376 |   330 ||  1191
